AoeStats
← Jazzmushroom

Arena

508941296Analyzed
4v4 RM · 7d ago on Sep 24, 2026· 45m 14s· 8 players
Game mode
Random Map
Map size
Large (8 player)
Population
200
Speed
Normal
Resources
Standard
Victory
Conquest
Starting age
Dark Age
Ending age
Imperial Age
RankedLock teamsTeams togetherTeam positionsShared explorationLock speedFull tech treeHidden civsTurbo modeCheats
Victory
Defeat
🇺🇸 Mongols · United States
1333
+14
🇦🇷 Koreans · Argentina
1311
+15
🇨🇳 Georgians · China
1309
+15
🇺🇸 Varangians · United States
1301
+15
🇩🇪 Persians · Germany
1432
-21
🇮🇹 Sicilians · Italy
1321
-16
🇫🇷 Spanish · France
1292
-15
🇺🇸 Burgundians · United States
1084
-7
jawsy_
7:38 Loom
10:42 Feudal Age
15:14 Castle Age
13:03 Double-Bit Axe
13:19 Horse Collar
16:54 Bow Saw
17:07 Heavy Plow
21:45 Wheelbarrow
26:13 Scale Barding Armor
29:00 Imperial Age
27:06 Hand Cart
26:53 Gold Mining
26:54 Stone Mining
27:29 Forging
27:39 Chain Barding Armor
27:53 Bloodlines
27:44 Husbandry
27:04 Light Cavalry
27:30 Light Cavalry
30:20 Iron Casting
30:25 Plate Barding Armor
29:19 Cavalier
29:49 Town Watch
30:43 Stone Shaft Mining
32:43 Paladin
34:50 Hussar
39:52 Conscription
38:56 Elite Conquistador
39:41 Padded Archer Armor
44:50 Leather Archer Armor
lady_schmady
11:41 Feudal Age
10:28 Double-Bit Axe
10:24 Horse Collar
16:35 Castle Age
15:25 Bow Saw
20:01 Wheelbarrow
26:20 Hand Cart
29:09 Imperial Age
27:47 Scale Barding Armor
28:07 Cavalier
28:52 Loom
29:04 Elite Skirmisher
30:00 Padded Archer Armor
30:06 Fletching
29:44 Paladin
31:43 Two-Man Saw
30:44 Heavy Plow
31:28 Burgundian Vineyards
32:50 Husbandry
33:36 Chain Barding Armor
35:20 Plate Barding Armor
38:33 Bodkin Arrow
39:13 Leather Archer Armor
38:33 Crossbowman
39:36 Bracer
Jac
0:26 Loom
10:58 Feudal Age
21:03 Castle Age
19:00 Horse Collar
19:41 Double-Bit Axe
20:20 Gold Mining
21:05 Stone Mining
22:08 Fletching
27:04 Scale Mail Armor
28:06 Forging
28:09 Devotion
29:44 Iron Casting
36:40 Chain Mail Armor
41:15 Imperial Age
39:35 Gambesons
39:50 Squires
39:36 Arson
__KINGO__
10:50 Feudal Age
14:58 Castle Age
12:55 Horse Collar
13:54 Double-Bit Axe
15:10 Loom
17:15 Wheelbarrow
21:21 Heavy Plow
21:38 Bow Saw
23:09 Gold Mining
23:12 Stone Mining
25:42 Stone Shaft Mining
25:43 Gold Shaft Mining
29:33 Imperial Age
27:55 Scale Barding Armor
29:06 Chain Barding Armor
29:26 Husbandry
29:38 Bloodlines
29:46 Forging
29:11 Cavalier
30:27 Plate Barding Armor
31:14 Iron Casting
33:47 Crop Rotation
34:20 Blast Furnace
34:29 Savar
41:39 Two-Man Saw
Jazzmushroom
10:59 Feudal Age
15:11 Castle Age
14:00 Double-Bit Axe
13:59 Horse Collar
16:40 Bow Saw
16:33 Heavy Plow
18:07 Wheelbarrow
20:46 Loom
20:49 Town Watch
22:05 Hand Cart
23:45 Gold Mining
23:45 Stone Mining
26:29 Forging
26:20 Scale Mail Armor
29:32 Imperial Age
28:18 Iron Casting
29:01 Squires
28:48 Gambesons
28:49 Arson
29:44 Chain Mail Armor
29:40 Scale Barding Armor
31:26 Conscription
32:22 Two-Man Saw
31:30 Gothikon
32:49 Elite Varangian Guard
34:58 Blast Furnace
34:32 Plate Mail Armor
41:37 Coinage
WolfDog2539
11:20 Feudal Age
12:31 Double-Bit Axe
12:28 Horse Collar
15:34 Castle Age
16:54 Wheelbarrow
16:40 Bow Saw
16:36 Heavy Plow
19:46 Hand Cart
19:55 Stone Mining
20:50 Gold Mining
23:07 Gold Shaft Mining
23:34 Fletching
24:37 Stone Shaft Mining
24:35 Loom
27:56 Imperial Age
26:23 Bodkin Arrow
26:14 Loom
27:18 Thumb Ring
28:52 Bracer
29:10 Siege Engineers
30:04 Ballistics
30:29 Padded Archer Armor
32:57 Leather Archer Armor
33:10 Masonry
34:03 Chemistry
34:48 Bloodlines
34:38 Husbandry
33:59 Light Cavalry
35:25 Murder Holes
36:13 Hoardings
35:57 Scale Barding Armor
36:02 Forging
36:59 Chain Barding Armor
38:17 Hussar
40:06 Iron Casting
42:05 Blast Furnace
40:30 Elite Mangudai
44:00 Conscription
JVM
6:01 Loom
8:14 Feudal Age
9:40 Double-Bit Axe
9:47 Fletching
16:37 Horse Collar
22:18 Castle Age
21:38 Scale Mail Armor
23:09 Wheelbarrow
23:23 Bow Saw
23:59 Fortified Wall
24:35 Bodkin Arrow
26:11 Heavy Plow
30:20 Town Watch
31:06 Gold Mining
31:07 Stone Mining
32:41 Scale Mail Armor
36:02 Imperial Age
33:52 Hand Cart
34:35 Chain Mail Armor
37:46 Chemistry
37:49 Two-Man Saw
37:16 Siege Engineers
39:48 Plate Mail Armor
39:58 Squires
40:11 Forging
40:11 Pikeman
41:03 Halberdier
42:21 Iron Casting
43:59 Masonry
45:48 Conscription
true my word i
1:50 Loom
10:07 Feudal Age
13:41 Castle Age
11:49 Horse Collar
12:55 Double-Bit Axe
19:08 Loom
21:17 Bow Saw
22:09 Fervor
22:36 Wheelbarrow
23:16 Heavy Plow
23:27 Gold Mining
23:30 Stone Mining
24:52 Hand Cart
29:12 Imperial Age
26:28 Loom
26:29 Town Watch
26:24 Pikeman
26:59 Guard Tower
26:51 Treadmill Crane
27:13 Scale Mail Armor
27:25 Forging
28:29 Chain Mail Armor
28:27 Squires
28:12 Arson
28:21 Fletching
28:58 Guard Tower
30:03 Iron Casting
29:23 Bodkin Arrow
29:13 Halberdier
30:24 Plate Mail Armor
30:19 Conscription
30:06 Svan Towers
30:20 Bracer
30:54 Crop Rotation
31:15 Keep
30:31 Arrowslits
31:56 Blast Furnace
32:37 Scale Barding Armor
33:25 Ballistics
33:17 Masonry
34:08 Chemistry
33:14 Siege Engineers
33:06 Murder Holes
36:09 Coinage
35:50 Guilds
35:41 Caravan
37:27 Architecture
37:34 Hoardings
38:11 Chain Barding Armor
38:07 Light Cavalry
38:58 Bloodlines
38:48 Husbandry
39:29 Banking
40:23 Aznauri Cavalry
39:40 Hussar
43:54 Town Patrol
44:30 Plate Barding Armor
Connection lost

Rejoining the realm…

Still unreachable

The connection could not be restored.

Session expired

The server has moved on; the page needs a fresh start.